 Dungeon Crawl Stone Soup version 0.16-a0-286-g6bac339 (webtiles) character file.

590 PolkaDot the Ruffian (level 7, -6/60 HPs)
             Began as a Black Draconian Berserker on Aug 28, 2014.
             Was a Priest of Trog.
             Mangled by Edmund
             ... wielding a +3 flail of holy wrath
              (8 damage)
             ... on Level 5 of the Dungeon.
             The game lasted 00:08:54 (3029 turns).

PolkaDot the Ruffian (Black Draconian Berserker)    Turns: 3029, Time: 00:08:54

HP  -6/60        AC  6     Str 19      XL: 7   Next: 16%
MP   7/7         EV 12     Int  8      God: Trog [***...]
Gold 274         SH  0     Dex 12      Spells:  0 memorised,  6 levels left

rFire  . . .     SeeInvis .       - Unarmed
rCold  + . .     Clarity  .     (armour unavailable)
rNeg   . . .     rCorr    .     (no shield)
rPois  .         rRot     .     (helmet restricted)
rElec  +         Spirit   .     (no cloak)
SustAb .         Warding  .     (no gloves)
rMut   .         Stasis   .     (no boots)
Gourm  .                        (no amulet)
MR     .....                    (no ring)
                                f - ring of protection from cold

@: very slightly contaminated, hasted, very quick, not resistant to hostile
enchantments, very unstealthy
A: breathe lightning, unfitting armour, electricity resistance, cold-blooded, AC
+6
a: Breathe Lightning, Burn Spellbooks, Berserk, Trog's Hand, Renounce Religion


You were on level 5 of the Dungeon.
You worshipped Trog.
Trog was most pleased with you.
You were near starving.

You visited 1 branch of the dungeon, and saw 5 of its levels.

You collected 274 gold pieces.

Inventory:

Comestibles
 a - 3 meat rations
 c - 2 bread rations
Scrolls
 k - a scroll of identify {unknown}
 m - a scroll of teleportation {unknown}
 n - a scroll of fear {unknown}
Jewellery
 d - an uncursed ring of ice {unknown}
 f - a ring of protection from cold (left hand)
Potions
 b - 2 potions of restore abilities
 e - a potion of poison {unknown}
 g - a potion of invisibility {unknown}
 h - a potion of cure mutation {unknown}
 i - a potion of lignification {unknown}
 j - a potion of haste
 l - 2 potions of flight {unknown}
 o - a potion of might {unknown}
 q - a potion of curing {unknown}


   Skills:
 - Level 4.3 Fighting
   Level 3.0 Short Blades
 - Level 2.6 Dodging
 * Level 7.1 Unarmed Combat


You had 6 spell levels left.
You didn't know any spells.

Dungeon Overview and Level Annotations

Branches:
Dungeon (5/15)             Temple (0/1) D:4

Altars:
Elyvilon
Gozag
Nemelex Xobeh
Xom

Annotations:
D:5 Edmund


Innate Abilities, Weirdness & Mutations

You can breathe wild blasts of lightning.
Your glossy black scales are hard (AC +6).
Your body does not fit into most forms of armour.
You are resistant to electric shocks.
Your cold-blooded metabolism reacts poorly to cold.


Message History

Your punch misses Edmund.
Edmund is almost dead.
Edmund hits you with a runed flail.
* * * LOW HITPOINT WARNING * * *
Drink which item? (? for menu, Esc to quit)
You feel refreshed.
It was a potion of restore abilities.
Drink which item? (? for menu, Esc to quit)
You feel yourself speed up.
It was a potion of haste.
Edmund hits you but does no damage.
You are very lightly contaminated with residual magic.
You barely miss Edmund.
Edmund is almost dead.
Edmund hits you with a runed flail.
* * * LOW HITPOINT WARNING * * *
You barely miss Edmund.
Edmund is almost dead.
You hit Edmund but do no damage.
Edmund is almost dead.
Edmund hits you with a runed flail!
You die...

#...#.#
###.#.#
####.#.#
#<...#.#
######.#
#.....#
#.#####
#.#####
#..@@g#
#####.#
#.....$...
###......
.##... .
.. #. ..


You could see Edmund and a goblin.

Vanquished Creatures
  The ghost of Kashira the Firebug, an average TeFE of Yredelemnul (D:4)
  The ghost of Poody the Poker, an average MfGl (D:3)
  2 scorpions (D:4)
  An orc wizard (D:4)
  2 hounds
  An iguana (D:4)
  6 adders
  A giant mite (D:2)
  A worm (D:2)
  A giant gecko (D:1)
  8 orcs
  A ball python (D:2)
  2 giant cockroaches (D:3)
  11 goblins
  6 hobgoblins
  10 jackals
  13 kobolds
  7 bats
  5 giant newts
  4 rats
84 creatures vanquished.

Notes
Turn   | Place    | Note
--------------------------------------------------------------
     0 | D:1      | PolkaDot, the Draconian Berserker, began the quest for the Orb.
     0 | D:1      | Reached XP level 1. HP: 19/19 MP: 1/1
    71 | D:1      | Reached XP level 2. HP: 18/27 MP: 2/2
   208 | D:1      | Reached skill level 4 in Fighting
   446 | D:1      | Acquired Trog's second power
   465 | D:1      | Found a sparkling altar of Nemelex Xobeh.
   738 | D:2      | Reached skill level 1 in Unarmed Combat
   745 | D:2      | Reached XP level 3. HP: 34/34 MP: 3/3
   886 | D:2      | Found a white marble altar of Elyvilon.
  1305 | D:2      | Reached XP level 4. HP: 34/41 MP: 4/4
  1430 | D:2      | Found an opulent altar of Gozag.
  1431 | D:2      | Found a shimmering altar of Xom.
  2140 | D:3      | Noticed Poody's ghost (average MfGl)
  2151 | D:3      | Killed Poody's ghost
  2151 | D:3      | Reached XP level 5. HP: 47/47 MP: 5/5
  2310 | D:4      | Reached skill level 5 in Unarmed Combat
  2455 | D:4      | Found a staircase to the Ecumenical Temple.
  2474 | D:4      | Reached XP level 6. HP: 47/53 MP: 6/6
  2686 | D:4      | Noticed Kashira's ghost (average TeFE)
  2713 | D:4      | Killed Kashira's ghost
  2713 | D:4      | Reached skill level 6 in Unarmed Combat
  2891 | D:4      | Your scales start taking on a glossy black colour.
  2891 | D:4      | Gained mutation: You are resistant to electric shocks. [draconian maturity]
  2891 | D:4      | Reached XP level 7. HP: 49/60 MP: 7/7
  2909 | D:4      | Reached skill level 7 in Unarmed Combat
  2961 | D:5      | Entered Level 5 of the Dungeon
  2986 | D:5      | Noticed Edmund
  3024 | D:5      | HP: 2/60 [Edmund/runed flail (6)]
  3029 | D:5      | Mangled by Edmund

Action                   |  1- 3 |  4- 6 |  7- 9 || total
-------------------------+-------+-------+-------++-------
Melee: Short sword       |    83 |       |       ||    83
       Unarmed           |    40 |   186 |    45 ||   271
Invok: Berserk           |     2 |     3 |       ||     5
       Trog's Hand       |     2 |     3 |     1 ||     6
 Abil: Breathe Lightning |       |       |     2 ||     2
  Use: Scroll            |     1 |       |       ||     1
       Potion            |       |       |     2 ||     2
  Eat: Chunk             |     2 |     8 |       ||    10
       Beef jerky        |       |     1 |       ||     1
